 Dungeon Crawl Stone Soup version 0.26.0-41-g79a4fc7684 (webtiles) character file.

Game seed: 3078959508851784785

539 hawla the Conjurer (level 7, 0/58 HPs)
             Began as a Purple Draconian Conjurer on Jan 26, 2021.
             Killed by nerve-wracking pain
             ... invoked by an orc priest
              (4 damage)
             ... on level 4 of the Dungeon on Jan 27, 2021.
             The game lasted 00:08:17 (4141 turns).

hawla the Conjurer (Purple Draconian Conjurer)      Turns: 4141, Time: 00:08:18

Health: 0/58       AC:  6    Str:  9    XL:     7   Next: 5%
Magic:  5/13       EV: 12    Int: 20    God:
Gold:   153        SH:  5    Dex: 10    Spells: 7/14 levels left

rFire    . . .     SeeInvis .   h - +1 long sword (vorpal)
rCold    . . .     Faith    .   (no shield)
rNeg     . . .     Spirit   .   (armour unavailable)
rPois    .         Reflect  +   (helmet restricted)
rElec    .         Harm     .   (no cloak)
rCorr    .         Rampage  .   (no gloves)
Will     +....                  (no boots)
Stlth    ++........             p - amulet of reflection
HPRegen  0.19/turn              (no ring)
MPRegen  0.13/turn              (no ring)

@: flying
A: breathe power, unfitting armour, cold-blooded, AC +6
a: Breathe Dispelling Energy


You were on level 4 of the Dungeon.
You visited 1 branch of the dungeon, and saw 4 of its levels.

You collected 153 gold pieces.

Inventory:

Hand Weapons
 h - a +1 vorpal long sword (weapon)
Armour
 e - a +0 kite shield
Jewellery
 d - an uncursed amulet of the acrobat
 p - an amulet of reflection (around neck)
Wands
 o - a wand of polymorph (7)
Scrolls
 a - a scroll of magic mapping
 b - a scroll of enchant weapon
 c - a scroll of fog {unknown}
 g - 2 scrolls of teleportation
 k - 2 scrolls of remove curse {unknown}
 n - 3 scrolls of identify {unknown}
Potions
 i - a potion of degeneration {unknown}
 j - a potion of flight
 l - 2 potions of might {unknown}
 m - a potion of haste {unknown}


   Skills:
 + Level 3.9 Fighting
 - Level 1.7 Dodging
 - Level 1.7 Stealth
 + Level 2.7 Shields
 + Level 4.4 Spellcasting
 + Level 5.4 Conjurations
 - Level 2.0 Translocations


You had 7 spell levels left.
You knew the following spells:

 Your Spells              Type           Power        Failure   Level
a - Magic Dart            Conj           100%         1%          1
b - Searing Ray           Conj           52%          1%          2
c - Iskenderun's Mystic   Conj/Tloc      19%          26%         4

Your spell library contained the following spells:

 Spells                   Type           Power        Failure   Level
 Dazzling Flash           Conj/Hex       30%          12%         3
 Fulminant Prism          Conj/Hex       7%           36%         4


Dungeon Overview and Level Annotations

Branches:
Dungeon (4/15)
 Temple: D:4-7

Altars:
Dithmenos
Elyvilon
Yredelemnul


Innate Abilities, Weirdness & Mutations

You can breathe bolts of dispelling energy.
Your rich purple scales are hard. (AC +6)
You cannot fit into any form of body armour.
You are cold-blooded and may be slowed by cold attacks.


Message History

(Press . to maintain the ray.)
The orc priest mumbles some strange prayers to Beogh against you.
Beogh smites you!
* * * LOW HITPOINT WARNING * * *
The orc throws a boomerang.
The boomerang hits you but does no damage.
The weapon returns to the orc!
The orc throws a boomerang.
The boomerang closely misses you.
The weapon returns to the orc!
You have reached level 7!
Your scales start taking on a rich purple colour.
You learn Spellcasting much quicker.
Your Spellcasting skill increases to level 4!
You learn Hexes much quicker.
You learn Evocations quicker.
You can breathe bolts of dispelling energy.
It was a potion of flight.
You feel very buoyant.
You fly up into the air.
The orc priest mumbles some strange prayers to Beogh against you.
Pain shoots through your body!
You die...

.. ....... .<
.......... ...
.......... ....
#!...o....
.....##..o.[..#
.
.....#.......#
(.
##......#....#
..#..#
##.@.o..#
.....##....#..#
#..#....## .#
#.......##.
##.<........
#......##...
........# .#
#.........# .
.......<.....


You could see an orc priest and 2 orcs.

Vanquished Creatures
  Grinder (D:3)
  Sigmund (D:3)
  An orc priest (D:4)
  Robin (D:3)
  7 adders
  2 dart slugs (D:2)
  2 leopard geckos (D:1)
  3 ball pythons
  6 bats
  5 giant cockroaches
  13 goblins
  17 hobgoblins
  4 jackals (D:3)
  A quokka (D:2)
  5 frilled lizards
  5 kobolds
  11 rats
85 creatures vanquished.

Notes
Turn   | Place    | Note
-------+----------+-------------------------------------------
     0 | D:1      | hawla the Draconian Conjurer began the quest for the Orb.
     0 | D:1      | Reached XP level 1. HP: 14/14 MP: 3/3
   347 | D:1      | Reached skill level 1 in Fighting
   371 | D:1      | Reached XP level 2. HP: 23/23 MP: 0/5
   374 | D:1      | Learned a level 2 spell: Searing Ray
   984 | D:1      | Reached XP level 3. HP: 29/29 MP: 3/6
  2593 | D:2      | Reached skill level 1 in Shields
  2593 | D:2      | Reached XP level 4. HP: 37/37 MP: 0/7
  2598 | D:2      | Learned a level 4 spell: Iskenderun's Mystic Blast
  2827 | D:3      | Found a basalt altar of Yredelemnul.
  2947 | D:3      | Found a white marble altar of Elyvilon.
  3133 | D:3      | Noticed Sigmund
  3201 | D:3      | Killed Sigmund
  3202 | D:3      | Reached skill level 1 in Translocations
  3202 | D:3      | Reached XP level 5. HP: 45/45 MP: 1/9
  3367 | D:3      | Reached XP level 6. HP: 51/51 MP: 6/10
  3467 | D:3      | Noticed Robin
  3699 | D:3      | Killed Robin
  3835 | D:3      | Noticed Grinder
  3837 | D:3      | Paralysed by Grinder for 2 turns
  3952 | D:3      | Killed Grinder
  3953 | D:3      | Reached skill level 5 in Conjurations
  4074 | D:3      | Found a shadowy altar of Dithmenos.
  4141 | D:4      | Your scales start taking on a rich purple colour.
  4141 | D:4      | Reached XP level 7. HP: 4/58 MP: 5/13
  4141 | D:4      | Killed from afar by an orc priest

Illustrated notes

Levels and vault maps discovered:
D:1:      tarquinn_simple_flora_water_c, layout_basic, minmay_box_of_dots
D:2:      layout_loops_corners
D:3:      layout_rooms, kennysheep_ying_yang, lemuel_coloured_pillars_altar,
          minmay_misc_feat_diagonals, uniq_robin, uniq_grinder, uniq_sigmund
D:4:      layout_cave_pools, minmay_temple_entry_junction, minmay_rat_hole,
          uniq_duvessa

Skill      XL: |  1  2  3  4  5  6 |
---------------+-------------------+-----
Fighting       | 1 2 3 |  3.9
Shields        | 1 2 |  2.7
Spellcasting   | 3 4 |  4.4
Translocations | 1 2 |  2.0
Conjurations   | 5 |  5.4
Dodging        | |  1.7
Stealth        | |  1.7

Action                   |  1- 3 |  4- 6 |  7- 9 || total
-------------------------+-------+-------+-------++-------
Melee: Unarmed           |    23 |       |       ||    23
       Tailslap          |     6 |     2 |       ||     8
       Long sword        |    21 |    20 |       ||    41
 Cast: Magic Dart        |    55 |    16 |       ||    71
       Searing Ray       |    12 |    21 |       ||    33
       Iskenderun's Myst |       |     4 |       ||     4
  Use: Scroll            |       |     5 |       ||     5
       Potion            |       |       |     1 ||     1
Armor: Skin              |     8 |    28 |       ||    36
Dodge: Dodged            |    47 |    47 |       ||    94
Block: Other             |       |    22 |       ||    22
       Reflection        |       |     1 |       ||     1
       Rpst.: Long sword |     6 |    12 |       ||    18
